 Dungeon Crawl Stone Soup version 0.23.2-40-g277498a001 (webtiles) character file.

Game seed: 11428661653191207330

3084 Safir the Basher (level 9, -1/79 HPs)
             Began as a Deep Dwarf Fighter on Sept 29, 2019.
             Was an Initiate of Makhleb.
             Slain by an orc warrior
             ... wielding a +0 glaive
              (31 damage)
             ... on level 7 of the Dungeon.
             The game lasted 00:42:02 (5790 turns).

Safir the Basher (Deep Dwarf Fighter)               Turns: 5790, Time: 00:42:04

Health: -1/79      AC: 12    Str: 23    XL:     9   Next: 58%
Magic:  6/6        EV:  7    Int:  9    God:    Makhleb [......]
Gold:   338        SH: 11    Dex: 12    Spells: 8/8 levels left

rFire    . . .     SeeInvis .   F - +3 morningstar
rCold    . . .     Gourm    .   c - +0 shield
rNeg     . . .     Faith    .   y - +0 chain mail
rPois    +         Spirit   .   (no helmet)
rElec    .         Reflect  .   r - +0 cloak
rCorr    .         Harm     .   (no gloves)
MR       +....                  n - +0 pair of boots
Stlth    ..........             (no amulet)
HPRegen  0.00/turn              o - ring of poison resistance
MPRegen  0.10/turn              (no ring)

@: non-regenerating, studying Shields
A: damage resistance, heal wounds, sense surroundings 2, no regeneration
a: Heal Wounds, Renounce Religion


You were on level 7 of the Dungeon.
You worshipped Makhleb.
Makhleb was noncommittal.
You were hungry.

You visited 2 branches of the dungeon, and saw 8 of its levels.

You collected 338 gold pieces.

Inventory:

Hand Weapons
 a - a +0 war axe
 t - a +1 mace of protection
 A - a +2 flail of draining
 F - a +3 morningstar (weapon)
Missiles
 j - 150 stones (quivered)
 I - 2 tomahawks
Armour
 c - a +0 shield (worn)
 n - a +0 pair of boots (worn)
 r - a +0 cloak (worn)
 y - a +0 chain mail (worn)
Jewellery
 o - a ring of poison resistance (left hand)
Scrolls
 b - 2 scrolls of blinking {unknown}
 e - 4 scrolls of magic mapping {unknown}
 k - 2 scrolls of remove curse {unknown}
 l - 7 scrolls of identify {unknown}
 m - 2 scrolls of enchant weapon {unknown}
 p - 3 scrolls of fear {unknown}
 v - a scroll of teleportation {unknown}
 C - a scroll of amnesia {unknown}
 D - a scroll of immolation {unknown}
 H - a scroll of random uselessness {unknown}
Potions
 d - 2 potions of might
 g - a potion of resistance {unknown}
 h - a potion of flight {unknown}
 i - 5 potions of curing {unknown}
 s - a potion of ambrosia {unknown}
 w - a potion of haste
 x - a potion of magic {unknown}
 z - a potion of berserk rage {unknown}
 B - 2 potions of mutation {unknown}
 E - a potion of agility {unknown}
 J - 2 potions of brilliance {unknown}
Books
 G - a manual of Shields
Comestibles
 f - 11 rations


   Skills:
 + Level 4.7 Fighting
 + Level 5.0(8.1) Axes
 * Level 9.1(9.6) Maces & Flails
 + Level 1.1 Throwing
 + Level 6.0 Armour
 + Level 2.2 Dodging
 + Level 2.5 Stealth
 + Level 7.6 Shields


You had 8 spell levels left.
You didn't know any spells.
Your spell library was empty.

Dungeon Overview and Level Annotations

Branches:
Dungeon (7/15)             Temple (1/1) D:7

Altars:
Ashenzari
Cheibriados
Dithmenos
Elyvilon
Fedhas
Gozag
Hepliaklqana
Kikubaaqudgha
Makhleb
Nemelex Xobeh
Okawaru
Qazlal
Ru
Sif Muna
Trog
Uskayaw
Vehumet
Wu Jian
Xom
Yredelemnul
Zin
The Shining One


Innate Abilities, Weirdness & Mutations

You are resistant to damage.
You can heal yourself by infusing magical energy.
You passively map the area around you.
You do not regenerate.


Message History

You sock the orc knight!
The orc knight is almost dead.
The orc knight roars a battlecry!
The orcs go into a battle-frenzy!
The orc priest invokes the aid of Beogh against you.
Beogh smites you!
* * * LOW HITPOINT WARNING * * *
You feel much better.
The orc knight hits you with a +0 battleaxe!
You hit the orc knight.
The orc knight is almost dead.
You block the orc knight's attack.
You thump the orc knight!
You kill the orc knight!
Makhleb accepts your kill.
Your Maces & Flails skill increases to level 9!
Your Throwing skill increases to level 1!
Your Armour skill increases to level 6!
The orc warrior hits you from afar with a +0 glaive!!
You die...

* * * * ## * , ≈ , *,o, . * ≈ ,
** , ########. * , ,, #........
,,* , , ,, ≈ ........#' * , ,≈ ,
≈≈ ........#, ≈ ≈ , #......o# , *
≈≈ ** ############)# **
+....'.....@)#, * , ≈
#..))#.......#,*, ≈ ,
#....#.......# ,* * ≈ ,,
######''''#############,,,*≈≈
......................# , ≈≈
≈≈≈≈≈≈....≈≈≈≈≈≈≈≈≈≈≈≈### ,
≈≈≈≈≈≈....≈≈≈≈≈≈≈≈≈≈≈≈≈≈≈≈≈≈≈....
≈≈≈≈≈≈....≈≈≈≈≈≈≈≈≈≈≈≈≈≈≈≈≈≈≈....
...........................P.....


You could see an orc warrior.

Vanquished Creatures
  An orc knight (D:7)
  Eustachio (D:4)
  3 yaks
  Menkaure (D:4)
  4 wargs (D:7)
  2 phantoms
  3 centaurs
  A bullfrog (D:7)
  A gnoll sergeant (D:4)
  A scorpion (D:5)
  A killer bee (D:5)
  4 wights (D:6)
  4 howler monkeys
  A crimson imp (D:7)
  A hound (D:5)
  6 orc priests
  An orc wizard (D:5)
  Crazy Yiuf (D:2)
  2 worker ants
  A hound zombie (D:5)
  2 worker ant zombies (D:5)
  3 gnolls (D:4)
  A howler monkey skeleton (D:5)
  An adder (D:2)
  A shadow imp (D:5)
  An ooze (D:3)
  An adder skeleton (D:5)
  A worm (D:3)
  A dart slug (D:1)
  5 leopard geckos
  27 orcs
  2 ball pythons
  5 giant cockroaches
  4 goblins
  4 hobgoblins
  7 jackals
  4 quokkas
  A ball python skeleton (D:6)
  7 bats
  3 frilled lizards
  A jackal skeleton (D:4)
  7 kobolds
  A leopard gecko skeleton (D:6)
  A quokka skeleton (D:4)
  A quokka zombie (D:5)
  9 rats
141 creatures vanquished.

Notes
Turn   | Place    | Note
-------+----------+-------------------------------------------
     0 | D:1      | Safir the Deep Dwarf Fighter began the quest for the Orb.
     0 | D:1      | Reached XP level 1. HP: 20/20 MP: 1/1
   175 | D:1      | Reached XP level 2. HP: 26/28 MP: 2/2
   804 | D:2      | Found a runed translucent door.
   805 | D:2      | Noticed Crazy Yiuf
   815 | D:2      | Killed Crazy Yiuf
   815 | D:2      | Reached XP level 3. HP: 22/34 MP: 3/3
  1537 | D:2      | Reached XP level 4. HP: 37/42 MP: 4/4
  1640 | D:2      | Found a glowing golden altar of the Shining One.
  2497 | D:4      | Reached XP level 5. HP: 32/49 MP: 5/5
  2641 | D:4      | Noticed Menkaure
  2653 | D:4      | Killed Menkaure
  2653 | D:4      | Reached skill level 5 in Axes
  2715 | D:4      | Noticed Eustachio
  2770 | D:4      | Killed Eustachio
  2770 | D:4      | Reached skill level 2 in Maces & Flails
  2770 | D:4      | Reached skill level 1 in Dodging
  2770 | D:4      | Reached XP level 6. HP: 19/57 MP: 6/6
  2914 | D:4      | Found a shadowy altar of Dithmenos.
  3173 | D:4      | Found a deep blue altar of Sif Muna.
  3215 | D:5      | Entered Level 5 of the Dungeon
  3264 | D:5      | Reached skill level 3 in Maces & Flails
  3264 | D:5      | Reached XP level 7. HP: 45/63 MP: 7/7
  3779 | D:5      | Reached skill level 4 in Maces & Flails
  3820 | D:5      | HP: 2/63 [killer bee (3)]
  3821 | D:5      | Reached skill level 5 in Shields
  4163 | D:5      | Reached skill level 5 in Armour
  4615 | D:6      | Reached skill level 5 in Maces & Flails
  4615 | D:6      | Reached XP level 8. HP: 72/72 MP: 8/8
  4720 | D:6      | Reached skill level 1 in Stealth
  5053 | D:7      | Reached skill level 6 in Maces & Flails
  5118 | D:7      | Reached skill level 7 in Maces & Flails
  5243 | D:7      | Gained mutation: You passively map the area around you.
                  | [Deep Dwarf growth]
  5243 | D:7      | Reached XP level 9. HP: 57/79 MP: 8/8
  5347 | D:7      | Reached skill level 8 in Maces & Flails
  5417 | D:7      | Found a radiant altar of Vehumet.
  5555 | D:7      | Found a staircase to the Ecumenical Temple.
  5561 | Temple   | Entered the Ecumenical Temple
  5723 | Temple   | Became a worshipper of Makhleb the Destroyer
  5772 | D:7      | Noticed an orc knight
  5790 | D:7      | Killed an orc knight
  5790 | D:7      | Reached skill level 9 in Maces & Flails
  5790 | D:7      | Reached skill level 1 in Throwing
  5790 | D:7      | Slain by an orc warrior

Skill      XL: |  1  2  3  4  5  6  7  8  9 |
---------------+----------------------------+-----
Fighting       | 3 4 |  4.7
Axes           | 3 4 5 |  5.0
Armour         | 4 5 6 |  6.0
Maces & Flails | 2 3 5 7 9 |  9.1
Dodging        | 1 2 |  2.2
Shields        | 4 5 6 7 |  7.6
Stealth        | 2 |  2.5
Throwing       | 1 |  1.1

Action                   |  1- 3 |  4- 6 |  7- 9 || total
-------------------------+-------+-------+-------++-------
Melee: War axe           |   116 |    78 |       ||   194
       Flail             |       |    86 |   145 ||   231
       Morningstar       |       |       |   169 ||   169
Throw: Stone             |       |     2 |    18 ||    20
 Abil: Heal Wounds       |     1 |     4 |    11 ||    16
  Eat: Chunk             |     2 |     6 |     5 ||    13
       Ration            |       |       |     1 ||     1
Armor: Scale mail        |    46 |    15 |       ||    61
       Chain mail        |       |   135 |   156 ||   291
Dodge: Dodged            |    33 |    55 |    69 ||   157
Block: Shield            |    60 |   119 |   170 ||   349
